Cogmind - Beta 15 @@@ ROGUE MODE // 2025.07.10 @ 23:34:41 Player: SKIP Result: Destroyed by KR-Q2N(R) with Subdweller Laser Performance ------------- Evolutions (0) 0 Regions Visited (2) 400 Robots Destroyed (32) 160 Value Destroyed (896) 896 Prototype IDs (3) 60 Alien Tech Used (0) 0 Bonus (0) 0 TOTAL SCORE: 1516 Bonus ------- None Cogmind --------- Core Integrity 0/250 Matter 264/300 Energy 180/180 System Corruption 0% Temperature Cool (6) Movement Treading (360) Ox2 Location -10/Subcaves Parts ------- > --- POWER (1) -------- Meta Core > --- PROPULSION (2) --- Spiked Treads > --- UTILITY (2+1) ---- Disposable Heat Sink (+) High-capacity Storage Unit Makeshift Light Armor Plating > --- WEAPON (2) ------- Subdweller Machine Gun Battle Cannon > --- INVENTORY (20) --- Light Ion Engine Subdweller Power Source Subdweller Power Source Subdweller Power Source Subdweller Power Source Subdweller Monowheel Subdweller Monowheel Subdweller Optics Subdweller Optics Subdweller Optics Terrain Scanner Transport Network Coupler Scrap Shield Hacking Suite Subdweller Machine Gun Subdweller Machine Gun Grenade Launcher Subdweller Shrapnel Launcher Mining Laser Peak State ------------ > --- POWER ------------ Meta Core > --- PROPULSION ------- Light Treads Spiked Treads > --- UTILITY ---------- Disposable Heat Sink High-capacity Storage Unit Makeshift Light Armor Plating > --- WEAPON ----------- Subdweller Machine Gun Battle Cannon > --- INVENTORY -------- Light Ion Engine Subdweller Power Source Subdweller Power Source Subdweller Power Source Subdweller Power Source Wheel Subdweller Monowheel Subdweller Optics Subdweller Optics Subdweller Optics Terrain Scanner Transport Network Coupler Scrap Shield Hacking Suite Subdweller Machine Gun Subdweller Machine Gun Grenade Launcher Subdweller Shrapnel Launcher Mining Laser [Rating: 30] Favorites ----------- Power Meta Core Engine Light Ion Engine Power Core Meta Core Propulsion Wheel Treads Light Treads Leg Aluminum Leg Wheel Wheel Utility High-capacity Storage Unit Device Disposable Heat Sink Storage High-capacity Storage Unit Processor Targeting Computer Protection Core Shielding Weapon Subdweller Machine Gun Energy Gun Particle Gun Energy Cannon Beam Cannon Ballistic Gun Subdweller Machine Gun Ballistic Cannon Battle Cannon Launcher Grenade Launcher Special Weapon Mining Laser Impact Weapon Hammer Build | -11 -10 -10 ------- Run | Yrd Mat Sub Slots Evolved . | . . . Power . | . . . Propulsion . | . . . Utility . | . . . Weapon . | . . . Parts Attached 30 | 5 12 13 Power 4 | 1 2 1 Engine 2 | 1 1 . Core 2 | . 1 1 Reactor . | . . . Propulsion 9 | 2 3 4 Treads 4 | . 2 2 Leg 1 | . . 1 Wheel 4 | 2 1 1 Hover . | . . . Flight . | . . . Utility 5 | . 3 2 Device 1 | . . 1 Storage 1 | . 1 . Processor 1 | . 1 . Hackware . | . . . Protection 2 | . 1 1 Artifact . | . . . Weapon 12 | 2 4 6 Energy Gun 2 | 1 1 . Energy Cannon 1 | . 1 . Ballistic Gun 4 | 1 . 3 Ballistic Cannon 2 | . 1 1 Launcher 1 | . . 1 Special Weapon 1 | . . 1 Impact Weapon 1 | . 1 . Slashing Weapon . | . . . Piercing Weapon . | . . . Special Melee Weapon . | . . . Unidentified Prototypes 1 | . . 1 Parts Lost 11 | . 3 8 Power 2 | . 1 1 Propulsion 4 | . 1 3 Utility . | . . . Weapon 5 | . 1 4 Highest Loss Streak 3 | . 1 3 To Critical Strikes . | . . . Average Backups 17 | 2 14 19 Power 3 | . 1 4 Propulsion 3 | 1 6 2 Utility 5 | . 2 6 Weapon 4 | . 4 4 Tool/Special . | . . . Unused Backups 25 | . 2 23 Power 5 | . . 5 Propulsion 6 | . 1 5 Utility 8 | . . 8 Weapon 6 | . 1 5 Tool/Special . | . . . Average Slot Usage (%) 99 | . 97 99 Engine 3 | . 13 . Core 8 | . . 11 Treads 14 | . . 20 Wheel 10 | . 27 4 Device 7 | . . 10 Storage 12 | . 12 12 Processor 1 | . 5 . Protection 10 | . 7 12 Energy Gun 2 | . 7 1 Energy Cannon 1 | . 4 1 Ballistic Gun 12 | . 7 13 Ballistic Cannon 6 | . 8 6 Special Weapon 1 | . . 2 Peak Build Rating 30 | 5 12 30 Average Rating 20 | 3 8 25 On Entrance 5 | . 5 12 Naked Turns . | . . . Heaviest Build 59 | 6 52 59 Greatest Support 60 | 20 40 60 Greatest Overweight (x) 5 | . 4 5 Average Overweight (x) 2 | . 1 2 Largest Inventory Capacity 20 | 5 20 20 Average Capacity 19 | 5 18 20 Most Carried 20 | 5 20 20 Average Carried 18 | 2 14 19 Final Capacity 20 | 5 20 20 Final Carried 20 | 5 20 20 Class Distribution -------------------- 74% | Mutant 22% | Scavenger-Mutant 3% | Scavenger-Tank Dominant Class ---------------- Mutant | -10/Materials Mutant | -10/Subcaves Resources | -11 -10 -10 ----------- Run | Yrd Mat Sub Matter Collected 870 | 262 319 289 Remotely . | . . . Salvage Created 1027 | 37 483 507 Parts 83 | 2 38 43 Haulers Intercepted 2 | . 2 . Recyclers Shooed . | . . . Parts Field Recycled . | . . . Retrieved Matter . | . . . Parts Self-Destructed 20 | . . 20 Prevented . | . . . Kills | -11 -10 -10 ------- Run | Yrd Mat Sub Combat Hostiles Destroyed 26 | 1 13 12 Guns 16 | 1 7 8 Cannons 9 | . 6 3 AOE 1 | . . 1 Classes Destroyed 7 | 1 5 1 Builder 1 | . 1 . Hauler 2 | . 2 . Operator 2 | . 2 . Watcher 1 | . 1 . Swarmer 6 | . 6 . Grunt 10 | 1 7 2 Subdweller 10 | . . 10 Best Kill Streak 3 | 1 3 2 Combat Bots Only 3 | 1 3 2 Max Kills in Single Turn 1 | 1 1 1 Gunslinging . | . . . Exploded 1 | . . 1 Melee . | . . . Uniques/NPCs Destroyed . | . . . Combat | -11 -10 -10 -------- Run | Yrd Mat Sub Hostile Shots Fired 124 | 7 60 57 Missed 27 | 3 12 12 Hits 97 | 4 48 45 Projectile 97 | 4 48 45 Critical Strikes 3 | . . 3 Damage Taken 1692 | 41 525 1126 Core 253 | 10 71 172 Absorbed by Shields . | . . . Redirected to Shielding 44 | . 12 32 Core Remaining (%) 96 | 96 . . Volleys Fired 137 | 4 51 82 Largest 2 | 2 2 2 Hottest 125 | 60 125 125 Shots Fired 212 | 8 94 110 Gun 101 | 8 51 42 Cannon 65 | . 43 22 Launcher 1 | . . 1 Special 45 | . . 45 Kinetic 104 | 4 58 42 Thermal 107 | 4 36 67 Explosive 1 | . . 1 Electromagnetic . | . . . Robot Hit Streak 13 | 3 9 13 Robot Miss Streak 3 | 2 3 2 Penetration Max . | . . . Secondary Targets . | . . . Shots Hit Robots 112 | 5 60 47 Core Hits 46 | 2 24 20 Critical Kills 1 | . . 1 Critical Parts Destroyed . | . . . Critical Strikes 5 | . 3 2 Burn 2 | . 2 . Destroy 1 | . . 1 Blast 2 | . 1 1 Melee Attacks . | . . . Impact . | . . . Slashing . | . . . Piercing . | . . . Sneak Attacks . | . . . Combat Hostiles . | . . . Follow-up Attacks . | . . . Damage Inflicted 1815 | 56 942 817 Guns 1064 | 56 484 524 Cannons 703 | . 458 245 Explosions 48 | . . 48 Melee . | . . . Ramming . | . . . Kinetic 1110 | 25 547 538 Thermal 657 | 31 395 231 Explosive 48 | . . 48 Electromagnetic . | . . . Impact . | . . . Slashing . | . . . Piercing . | . . . Highest Corruption . | . . . Average Corruption . | . . . Corruption Purged . | . . . Corruption Blocked . | . . . Overload Shots . | . . . Overflow Damage . | . . . Projectiles . | . . . Explosions . | . . . Melee . | . . . Knockbacks 1 | . 1 . Impact . | . . . Kinetic 1 | . 1 . Secondary . | . . . Self-Inflicted Damage . | . . . Shots . | . . . Rammed . | . . . Targets Rammed . | . . . Kicked . | . . . Crushed . | . . . Highest Temperature 265 | 18 265 199 Average Temperature 67 | 14 75 49 Received Heat Transfer 641 | 24 207 410 Siege Activations . | . . . Martial Activations . | . . . Shielding Activations . | . . . Robots Disrupted . | . . . Combat Hostiles . | . . . Robots Corrupted . | . . . Combat Hostiles . | . . . Parts Fried . | . . . Impact Corruptions . | . . . Robots Melted . | . . . Combat Hostiles . | . . . Parts Melted 2 | . 1 1 Heat Transferred 1629 | 75 1036 518 Parts Sabotaged . | . . . Parts Stolen . | . . . Parts Stripped . | . . . Power Chain Reactions . | . . . Alert | -11 -10 -10 ------- Run | Yrd Mat Sub Maximum Alert Level . | . . . Low Security (%) 100 | 100 100 . Level 1 . | . . . Level 2 . | . . . Level 3 . | . . . Level 4 . | . . . Level 5 . | . . . High Security . | . . . Max Security . | . . . Peak Influence 94 | 20 94 . Initial 6 | . 6 . Average 36 | 2 39 . Influence Increases 478 | 20 408 50 Destroy 0b10 Robot/C 320 | 20 260 40 Destroy 0b10 Robot/NC 30 | . 30 . Destroy Leader 76 | . 66 10 Successful Hack 34 | . 34 . Destroy Structure 3 | . 3 . Lose Combat Pursuer 15 | . 15 . Influence Decreases 478 | 10 395 73 Entered New Map 16 | . 4 12 Time Decay 432 | 10 361 61 Lost Part 30 | . 30 . Squads Dispatched 2 | . 2 . Investigation . | . . . Extermination . | . . . Reinforcement 2 | . 2 . Assault . | . . . Garrison . | . . . Intercept . | . . . Searches Triggered . | . . . Construction Impeded . | . . . Haulers Reinforced . | . . . Active Scanning Responses . | . . . Cargo Convoy Interrupts . | . . . Stealth | -11 -10 -10 --------- Run | Yrd Mat Sub Distress Signals . | . . . Communications Jammed . | . . . Distress Signals . | . . . Times Spotted 45 | 1 29 15 Peak Tracking Total 4 | 1 4 4 Tactical Retreats 2 | . 1 1 Traps | -11 -10 -10 ------- Run | Yrd Mat Sub Traps Triggered 5 | . 2 3 Indirectly . | . . . Trap Hack Attempts . | . . . Triggered . | . . . Disarmed . | . . . Reprogrammed . | . . . Reused . | . . . Traps Extracted . | . . . Installed . | . . . Triggered . | . . . Machines | -11 -10 -10 ---------- Run | Yrd Mat Sub Machines Disabled . | . . . Max in Single Turn . | . . . Machines Repaired . | . . . Machines Dismantled . | . . . Machines Sabotaged . | . . . Overloaded Fab Kills . | . . . Hacking | -11 -10 -10 --------- Run | Yrd Mat Sub Machines Accessed 10 | . 7 3 Terminals 6 | . 6 . Fabricators . | . . . Repair Stations . | . . . Recycling Units 1 | . 1 . Scanalyzers . | . . . Garrison Access . | . . . Total Hacks 30 | . 24 6 Successful 20 | . 14 6 Failed 10 | . 10 . Catastrophic 2 | . 2 . Database Lockouts . | . . . Manual 16 | . 16 . Terminals 22 | . 22 . Fabricators . | . . . Repair Stations . | . . . Recycling Units 2 | . 2 . Scanalyzers . | . . . Garrison Access . | . . . Terminal Hacks 12 | . 6 6 Record 6 | . 2 4 Prototype ID Bank 1 | . 1 . Open Door 1 | . . 1 Locate Traps 1 | . 1 . Transport Status 1 | . 1 . Hauler Manifests 1 | . 1 . Release Object 1 | . . 1 Fabricator Hacks . | . . . Repair Station Hacks . | . . . Recycling Unit Hacks 2 | . 2 . Process 1 | . 1 . Report Inventory 1 | . 1 . Scanalyzer . | . . . Garrison Access Hacks . | . . . Unauthorized Hacks 6 | . 6 . Terminals 6 | . 6 . Assimilate 2 | . 2 . Botnet 4 | . 4 . Fabricators . | . . . Repair Stations . | . . . Recycling Units . | . . . Scanalyzers . | . . . Garrison Access . | . . . Data Cores Recovered . | . . . Used . | . . . Hacking Detections 6 | . 6 . Full Trace Events . | . . . Feedback Events . | . . . Feedback Blocked . | . . . Robot Schematics Acquired . | . . . Robots Built . | . . . Authchips . | . . . Time . | . . . Total Robot Build Rating . | . . . Part Schematics Acquired . | . . . Parts Built . | . . . Authchips . | . . . Time . | . . . Total Part Build Rating . | . . . Parts Repaired . | . . . Time . | . . . Parts Recycled . | . . . Recycled Matter . | . . . Retrieved Matter . | . . . Retrieved Components . | . . . Parts Scanalyzed . | . . . Part Schematics Acquired . | . . . Parts Damaged . | . . . Bothacking | -11 -10 -10 ------------ Run | Yrd Mat Sub Used RIF Installer . | . . . Robots Hacked . | . . . Non-combat . | . . . Combat . | . . . Robot Hacks Applied . | . . . Relay Couplers Released . | . . . Fabnet Peak Effective % . | . . . Robots Rewired . | . . . Allies Hacked . | . . . Hacks Repelled . | . . . Allies | -11 -10 -10 -------- Run | Yrd Mat Sub Total Allies . | . . . Largest Group . | . . . Highest-Rated Group . | . . . Highest-Rated Ally . | . . . Total Orders . | . . . Ally Attacks . | . . . Total Damage . | . . . Kills . | . . . Allies Corrupted . | . . . Allies Melted . | . . . Intel | -11 -10 -10 ------- Run | Yrd Mat Sub Active Infowar (turns) . | . . . Robot Analysis Total . | . . . Derelict Logs Recovered 2 | . . 2 Drone Launches . | . . . Drone Recoveries . | . . . Exploration | -11 -10 -10 ------------- Run | Yrd Mat Sub Turns Passed 4278 | 87 1124 3067 Spaces Moved 2239 | 74 850 1315 Core 20 | 20 . . Treads 682 | . 3 679 Legs . | . . . Wheels 1537 | 54 847 636 Hover . | . . . Flight . | . . . Fastest Speed 50 | 50 80 155 Average Speed 159 | 71 105 199 Slowest Speed 320 | 80 240 320 Overloaded Moves . | . . . Propulsion Burnouts . | . . . Robots Hopped . | . . . Potential Cave-ins . | . . . Cave-ins Triggered . | . . . Exploration Rate (%) 58 | 6 100 69 Regions Visited 2 Branch Regions 1 Pre-discovered Areas 1 | . . 1 Known Exits Taken . | . . . Unknown Exits Taken 2 | 1 1 . Scrap Searched . | . . . Spaces Dug . | . . . Terrain Destroyed 5 | . . 5 Melee . | . . . Projectile . | . . . AOE 5 | . . 5 Terrain Rammed . | . . . Walls Destroyed . | . . . Machines Disabled . | . . . Actions | -11 -10 -10 --------- Run | Yrd Mat Sub Total 2632 | 99 981 1552 Wait 150 | 7 37 106 Move 2237 | 73 849 1315 Hop . | . . . Pick Up 51 | 10 24 17 Fast Attach 6 | . 3 3 Attach 16 | 5 4 7 Detach . | . . . Swap 17 | . 8 9 Drop 18 | . 5 13 Fire 137 | 4 51 82 Melee . | . . . Ram . | . . . Kick . | . . . Crush . | . . . Escape Stasis . | . . . Rewire . | . . . Trap . | . . . Miscellaneous . | . . . Route ------- -11/Scrapyard -10/Materials (discovered 5 exits: [*Mat x3] / [*Min] / *Sub) -10/Subcaves (discovered 2 exits: [*Mat x2]) History --------- Turn | Location | Event 2 | -11/Scrapyard | Met Revision 17 50 | -11/Scrapyard | Discovered new exit (range 8) 88 | -11/Scrapyard | Entered Materials 239 | -10/Materials | Discovered new exit (range 16) 309 | -10/Materials | Discovered new exit (range 13) 311 | -10/Materials | Build established: Mutant 426 | -10/Materials | Discovered new exit (range 16) 731 | -10/Materials | Discovered new exit (range 13) 1197 | -10/Materials | Discovered new exit (range 10) 1212 | -10/Materials | Entered Subcaves 1213 | -10/Subcaves | Approached by a straggling Scientist 1432 | -10/Subcaves | A Subdweller sparked back to life 1432 | -10/Subcaves | A Subdweller sparked back to life 1432 | -10/Subcaves | A Subdweller sparked back to life 1455 | -10/Subcaves | Core integrity fell below 50% 1488 | -10/Subcaves | Found Prototype Power Core 1488 | -10/Subcaves | Identified Meta Core 1489 | -10/Subcaves | Lost 3 parts (1p2w) 1489 | -10/Subcaves | Attached Meta Core, gained temporary slots: Propulsion, Utility, Weapon 1514 | -10/Subcaves | Discovered new exit (range 10) 1793 | -10/Subcaves | A swath of the cavern ceiling suddenly collapsed 1994 | -10/Subcaves | Shifting Twisted Machinery released Battle Rifle 2002 | -10/Subcaves | Shifting Twisted Machinery released Sub. Laser 2192 | -10/Subcaves | Build established: Scavenger-Mutant 2260 | -10/Subcaves | Visited Clippyterm 2264 | -10/Subcaves | Learned Factory emergency access door positions 2278 | -10/Subcaves | Discovered new exit (range 10) 2323 | -10/Subcaves | Learned location of Mines (-10) 2697 | -10/Subcaves | Core integrity fell below 20% 2770 | -10/Subcaves | A swath of the cavern ceiling suddenly collapsed 2960 | -10/Subcaves | Build established: Mutant 2991 | -10/Subcaves | Shifting Twisted Machinery released Sub. Shrapnel Launcher 2996 | -10/Subcaves | Shifting Twisted Machinery released Sub. Machine Gun 3697 | -10/Subcaves | Learned Materials emergency access door positions 4279 | -10/Subcaves | Destroyed by KR-Q2N(R) with Subdweller Laser Last Messages --------------- 03633_ Acquired Sub. Monowheel. 03697_ Acquired derelict log, extracted data. Data stored: Materials emergency access points. 03767_ Subatomizers dissect the Wheel. 03851_ Acquired 15 matter. 03871_ Acquired 8 matter. 03883_ Triggered Piercing Trap. 03883_ Spikes shoot up from the floor. 03883_ Critical hit (Impale). 03942_ Triggered Piercing Trap. 03942_ Spikes shoot up from the floor. 03942_ Critical hit (Impale). 04173_ Triggered Shrapnel Trap. 04173_ An expanding cloud of shrapnel blasts out in all directions. 04269_ Lgt. Treads destroyed. 04274_ KR-Q2N(R) Disposable Heat Sink blasted off. 04278_ Subatomizers dissect the Disposable Heat Sink. Map ----- +----------------------------------------------------+ | ???????????????# #??????????#????## | | ???????????????# # ##????????????????? | | ???????????????## #?????????????????? | | ???????????????## ## #?????????????????? | | ???????????????# #####?????????????????? | | ??????????????## ##???????????????????? | | ??????????????# #???????????????????? | | ??????????????# #???????????????????? | | ??????????????## ##???????????????????? | | ???????????????# #????????????????????? | | ???????????????# ##???????????????????? | | ???????????????## #???????????????????? | | ????????????????# #???????????????????? | | ???????????????## #???????????????????? | | ???????????????# ##???????????????????? | | ???????????????## ###????????????????????? | | ???????????????# #??????????????????????? | | ???????????????## ###????????????????????? | | ???????????????# #????????????????????? | | ???????????????## ##???????????????????? | | ????????????????# #??? ## ###?????????? | | ????????????????### #??" < ##????????? | | ?????????????????# ## #????????? | | ????????????????## R % #?????????? | | ????????????????# % #??????????? | | ????????????????#@ ### #??????????? | | ????????????????# #???? ###??????????? | | ???????????????# #?????????????????? | | ???????????????# ##?????????????????? | | ???????????????## #??????????????????? | | ????????????????## ##??????????????????? | | ?????????????????# ##???????????????????? | | ?????????????????## ????????????????????? | | ??????????????????? ????????????????????? | | ??????????????????? ???????????????????? | | ??????????????????? #???????????????????? | | ???????????????????###???????????????????? | | ?????????????????????????????????????????? | | ?????????????????????????????????????????? | | ?????????????????????????????????????????? | | ?????????????????????????????????????????? | | ?????????????????????????????????????????? | | ?????????????????????????????????????????? | | ?????????????????????????????????????????? | | ?????????????????????????????????????????? | | ?????????????????????????????????????????? | | ?????????????????????????????????????????? | | ?????????????????????????????????????????? | | ?????????????????????????????????????????? | | ?????????????????????????????????????????? | +----------------------------------------------------+ Best States ------------- Heat Dissipation 25 Coolant Potential 50 Energy Generation 17 Energy Capacity 180 Matter Stores 300 Matter Capacity 300 Sight Range 16 Terrain Scan Density 10 Armor Coverage 100 Core Shielding 20 Evasion (%) 50 Targeting Accuracy 5 Recoil Reduction 3 Item Schematics ----------------- None Robot Schematics ------------------ None Fabricated ------------ Nothing Repaired ---------- Nothing Alien Tech Used ----------------- None Achievements -------------- None Challenges ------------ None Game ------ Seed BlanketBarrageStreamer Manual? 0 Play Time 00:38:47 Cumulative 62.2 hours Start 2025.07.10 @ 22:53:49 End 2025.07.10 @ 23:34:41 Sessions 1 Manual Loads 0 Difficulty Rogue Special Mode None Game No. 99 Rogue 99 Adventurer 0 Explorer 0 Win Type - Total 0 Types 0/0/0/0/0/0/0/0/0/0 Lore% 47 Gallery% 32 Achievement% 29 Wizard Run 0 Options --------- Layout 1 ASCII 0 Keyboard 0 Movement Mouse Keybinds 0 Fullscreen 2 Font 24/Terminus Map View 50x35 Zoom Use 0% Tactical HUD 1 Map Filters NONE Filters NONE Steam 1 RUN: fefe1898-add2-436e-8bac-321190517e51